Workbook

Sheet BID SUMMARY SHEET
C2: North Carolina Department of Public Safety
C3: Emergency Management
B5: ELEVATION REQUEST FOR BID WORKSHEET
B6: RFB NUMBER:
B7: VENDOR:
B8: BID DATE:
B10: BID SUMMARY
B11: WORK PHASE | D11: TOTAL
B12: PRE-ELEVATION | D12: =SUM('REF-SHEET2-DONOTMOVE:REF-LASTSHEET-DONOTMOVE'!H18) -> 0
B13: ELEVATION CONSTRUCTION | D13: =SUM('REF-SHEET2-DONOTMOVE:REF-LASTSHEET-DONOTMOVE'!H30) -> 0
B14: POST-ELEVATION | D14: =SUM('REF-SHEET2-DONOTMOVE:REF-LASTSHEET-DONOTMOVE'!H38) -> 0
B15: PROFIT & OVERHEAD | D15: =SUM('REF-SHEET2-DONOTMOVE:REF-LASTSHEET-DONOTMOVE'!H39) -> 0
B16: CONSTRUCTION MANAGEMENT COSTS | D16: =SUM('REF-SHEET2-DONOTMOVE:REF-LASTSHEET-DONOTMOVE'!H40) -> 0
B17: GRAND TOTAL: | D17: =SUM(D12:D16) -> 0
B19: TOTAL PROJECT TIME (DAYS):
B21: NOTES: | C21: **Please read the following information carefully**
B22: 1) The Vendor shall fill out this Bid Worksheet in its entirety.
B23: 2) Modifications to this worksheet (i.e., adding/removing line items, modifying formulas, etc.) are not permitted. Noncompliance shall constitute grounds to reject Vendor's proposal.
B24: 3) Vendor is responsible for providing information in light blue cells.
B25: 4) This Bid Summary Sheet auto-calculates the Work Phase Totals (Pre-Elevation, Construction, Post-Elevation, and Profit & Overhead / Management Costs) from subsequent Property Worksheets. Vendor shall verify that all amounts for each individual phase and the Grand Total have been calculated correctly. Any errors or concerns with this worksheet shall be brought to the immediate attention of the State; Vendor shall follow the contact method as specified in Section 2.3 of the RFB.
B26: 5) Vendor must provide profit & overhead and management costs for each property, as applicable.
B27: 6) An individual Property Worksheet must be filled out in its entirety for EACH property. Property Worksheets are included within this Bid Worksheet.
B28: 7) Vendor shall note the unit of measure for each line item listed on the Property Worksheet (i.e., linear feet, square feet, hour, flat rate, or any reasonable unit of measure). Vendor shall input a Unit Price and Quantity for every line item (a '1' must be entered in the Quantity column for flat or individual costs).
B29: 8) Additional rows for miscellaneous costs have been provided for each property. Three additional rows per phase have been provided if the Vendor determines other eligible costs should be provided in their bid. If Vendor elects to use this category, a description of the cost must be provided along with the unit of measure, unit price, and quantity.
B30: 9) Vendor shall provide the anticipated overall project timeframe (i.e., total time to complete work for all properties listed). This estimate, in days, shall begin with the Notice to Proceed and end at closeout for all contracted work. Vendor shall strive to meet this timeframe, as well as any timeframes put forth by NCEM, barring any unexpected acts of nature requiring a change in the Scope of Work and/or Change Order(s). It is the responsibility of the Vendor to create a time schedule, including any phasing or work overlap, in order to complete all projects in the specified timeframe. The timeframe submitted by each Vendor shall be used by the State when evaluating bids as to meet HMGP goals and deadlines.

Sheet 132 Powell Road (1)
B2: ELEVATION REQUEST FOR BID PROPERTY WORKSHEET
B3: STORM #: | C3: 4617-0005 | E3: STREET ADDRESS: | F3: 132 Powell Rd
B4: PROJECT #: | C4: 5 | E4: CITY: | F4: Beaufort
B6: WORK PHASE | C6: ITEMIZED WORK | E6: UNIT OF MEASURE | F6: UNIT PRICE | G6: QUANTITY | H6: ITEMIZED COST
B7: Pre-Elevation | C7: Feasibility Analysis | H7: =F7*G7 -> 0
C8: Pre-Survey & Elevation Certificate | H8: =F8*G8 -> 0
C9: Title Research (Coversheet, Deed & Tax Report) | H9: =F9*G9 -> 0
C10: Engineering & Design | H10: =F10*G10 -> 0
C11: Permitting | H11: =F11*G11 -> 0
C12: Asbestos & Lead Inspection | H12: =F12*G12 -> 0
C13: Termite Inspection & Treatment | H13: =F13*G13 -> 0
C14: Mobilization | H14: =F14*G14 -> 0
C15: Details: | D15: N/A or Provide Details | H15: =F15*G15 -> 0
C16: Details: | D16: N/A or Provide Details | H16: =F16*G16 -> 0
C17: Details: | D17: N/A or Provide Details | H17: =F17*G17 -> 0
G18: Pre-Elevation Total: | H18: =SUM(H7:H17) -> 0
B19: Elevation Construction | C19: Preparatory Site Work | H19: =F19*G19 -> 0
C20: Utility Disconnect & Reconnect | H20: =F20*G20 -> 0
C21: Elevation - Lift & Lower | H21: =F21*G21 -> 0
C22: Foundation Demolition | H22: =F22*G22 -> 0
C23: Foundation Construction | H23: =F23*G23 -> 0
C24: Access (e.g., Porches, Stairs, Ramps, etc.) | H24: =F24*G24 -> 0
C25: Inspections | H25: =F25*G25 -> 0
C26: Temporary Lodging | H26: =F26*G26 -> 0
C27: Details: | D27: N/A or Provide Details | H27: =F27*G27 -> 0
C28: Details: | D28: N/A or Provide Details | H28: =F28*G28 -> 0
C29: Details: | D29: N/A or Provide Details | H29: =F29*G29 -> 0
G30: Construction Total: | H30: =SUM(H19:H29) -> 0
B31: Post-Elevation | C31: Post-Survey & Elevation Certificate | H31: =F31*G31 -> 0
C32: Final Site Work (e.g., Grade, Seed, etc.) | H32: =F32*G32 -> 0
C33: Deed Record Fee | H33: =F33*G33 -> 0
C34: Demobilization | H34: =F34*G34 -> 0
C35: Details: | D35: N/A or Provide Details | H35: =F35*G35 -> 0
C36: Details: | D36: N/A or Provide Details | H36: =F36*G36 -> 0
C37: Details: | D37: N/A or Provide Details | H37: =F37*G37 -> 0
G38: Post-Elevation Total: | H38: =SUM(H31:H37) -> 0
B39: Other | C39: Profit & Overhead
C40: Construction Management Costs
G41: Other Total: | H41: =SUM(H39:H40) -> 0
G43: Property Total: | H43: =SUM(H18,H30,H38,H41) -> 0

Sheet 209 Jonaquins Drive (2)
B2: ELEVATION REQUEST FOR BID PROPERTY WORKSHEET
B3: STORM #: | C3: 4617-0005 | E3: STREET ADDRESS: | F3: 209 Jonaquins Drive
B4: PROJECT #: | C4: 5 | E4: CITY: | F4: Beaufort
B6: WORK PHASE | C6: ITEMIZED WORK | E6: UNIT OF MEASURE | F6: UNIT PRICE | G6: QUANTITY | H6: ITEMIZED COST
B7: Pre-Elevation | C7: Feasibility Analysis | H7: =F7*G7 -> 0
C8: Pre-Survey & Elevation Certificate | H8: =F8*G8 -> 0
C9: Title Research (Coversheet, Deed & Tax Report) | H9: =F9*G9 -> 0
C10: Engineering & Design | H10: =F10*G10 -> 0
C11: Permitting | H11: =F11*G11 -> 0
C12: Asbestos & Lead Inspection | H12: =F12*G12 -> 0
C13: Termite Inspection & Treatment | H13: =F13*G13 -> 0
C14: Mobilization | H14: =F14*G14 -> 0
C15: Details: | D15: N/A or Provide Details | H15: =F15*G15 -> 0
C16: Details: | D16: N/A or Provide Details | H16: =F16*G16 -> 0
C17: Details: | D17: N/A or Provide Details | H17: =F17*G17 -> 0
G18: Pre-Elevation Total: | H18: =SUM(H7:H17) -> 0
B19: Elevation Construction | C19: Preparatory Site Work | H19: =F19*G19 -> 0
C20: Utility Disconnect & Reconnect | H20: =F20*G20 -> 0
C21: Elevation - Lift & Lower | H21: =F21*G21 -> 0
C22: Foundation Demolition | H22: =F22*G22 -> 0
C23: Foundation Construction | H23: =F23*G23 -> 0
C24: Access (e.g., Porches, Stairs, Ramps, etc.) | H24: =F24*G24 -> 0
C25: Inspections | H25: =F25*G25 -> 0
C26: Temporary Lodging | H26: =F26*G26 -> 0
C27: Details: | D27: N/A or Provide Details | H27: =F27*G27 -> 0
C28: Details: | D28: N/A or Provide Details | H28: =F28*G28 -> 0
C29: Details: | D29: N/A or Provide Details | H29: =F29*G29 -> 0
G30: Construction Total: | H30: =SUM(H19:H29) -> 0
B31: Post-Elevation | C31: Post-Survey & Elevation Certificate | H31: =F31*G31 -> 0
C32: Final Site Work (e.g., Grade, Seed, etc.) | H32: =F32*G32 -> 0
C33: Deed Record Fee | H33: =F33*G33 -> 0
C34: Demobilization | H34: =F34*G34 -> 0
C35: Details: | D35: N/A or Provide Details | H35: =F35*G35 -> 0
C36: Details: | D36: N/A or Provide Details | H36: =F36*G36 -> 0
C37: Details: | D37: N/A or Provide Details | H37: =F37*G37 -> 0
G38: Post-Elevation Total: | H38: =SUM(H31:H37) -> 0
B39: Other | C39: Profit & Overhead
C40: Construction Management Costs
G41: Other Total: | H41: =SUM(H39:H40) -> 0
G43: Property Total: | H43: =SUM(H18,H30,H38,H41) -> 0

Sheet 216 Laurel Road (3)
B2: ELEVATION REQUEST FOR BID PROPERTY WORKSHEET
B3: STORM #: | C3: 4617-0005 | E3: STREET ADDRESS: | F3: 216 Laurel Road
B4: PROJECT #: | C4: 5 | E4: CITY: | F4: Beaufort
B6: WORK PHASE | C6: ITEMIZED WORK | E6: UNIT OF MEASURE | F6: UNIT PRICE | G6: QUANTITY | H6: ITEMIZED COST
B7: Pre-Elevation | C7: Feasibility Analysis | H7: =F7*G7 -> 0
C8: Pre-Survey & Elevation Certificate | H8: =F8*G8 -> 0
C9: Title Research (Coversheet, Deed & Tax Report) | H9: =F9*G9 -> 0
C10: Engineering & Design | H10: =F10*G10 -> 0
C11: Permitting | H11: =F11*G11 -> 0
C12: Asbestos & Lead Inspection | H12: =F12*G12 -> 0
C13: Termite Inspection & Treatment | H13: =F13*G13 -> 0
C14: Mobilization | H14: =F14*G14 -> 0
C15: Details: | D15: N/A or Provide Details | H15: =F15*G15 -> 0
C16: Details: | D16: N/A or Provide Details | H16: =F16*G16 -> 0
C17: Details: | D17: N/A or Provide Details | H17: =F17*G17 -> 0
G18: Pre-Elevation Total: | H18: =SUM(H7:H17) -> 0
B19: Elevation Construction | C19: Preparatory Site Work | H19: =F19*G19 -> 0
C20: Utility Disconnect & Reconnect | H20: =F20*G20 -> 0
C21: Elevation - Lift & Lower | H21: =F21*G21 -> 0
C22: Foundation Demolition | H22: =F22*G22 -> 0
C23: Foundation Construction | H23: =F23*G23 -> 0
C24: Access (e.g., Porches, Stairs, Ramps, etc.) | H24: =F24*G24 -> 0
C25: Inspections | H25: =F25*G25 -> 0
C26: Temporary Lodging | H26: =F26*G26 -> 0
C27: Details: | D27: N/A or Provide Details | H27: =F27*G27 -> 0
C28: Details: | D28: N/A or Provide Details | H28: =F28*G28 -> 0
C29: Details: | D29: N/A or Provide Details | H29: =F29*G29 -> 0
G30: Construction Total: | H30: =SUM(H19:H29) -> 0
B31: Post-Elevation | C31: Post-Survey & Elevation Certificate | H31: =F31*G31 -> 0
C32: Final Site Work (e.g., Grade, Seed, etc.) | H32: =F32*G32 -> 0
C33: Deed Record Fee | H33: =F33*G33 -> 0
C34: Demobilization | H34: =F34*G34 -> 0
C35: Details: | D35: N/A or Provide Details | H35: =F35*G35 -> 0
C36: Details: | D36: N/A or Provide Details | H36: =F36*G36 -> 0
C37: Details: | D37: N/A or Provide Details | H37: =F37*G37 -> 0
G38: Post-Elevation Total: | H38: =SUM(H31:H37) -> 0
B39: Other | C39: Profit & Overhead
C40: Construction Management Costs
G41: Other Total: | H41: =SUM(H39:H40) -> 0
G43: Property Total: | H43: =SUM(H18,H30,H38,H41) -> 0

Sheet 361 Silver Dollar Road (4)
B2: ELEVATION REQUEST FOR BID PROPERTY WORKSHEET
B3: STORM #: | C3: 4617-0005 | E3: STREET ADDRESS: | F3: 361 Silver Dollar Road
B4: PROJECT #: | C4: 5 | E4: CITY: | F4: Beaufort
B6: WORK PHASE | C6: ITEMIZED WORK | E6: UNIT OF MEASURE | F6: UNIT PRICE | G6: QUANTITY | H6: ITEMIZED COST
B7: Pre-Elevation | C7: Feasibility Analysis | H7: =F7*G7 -> 0
C8: Pre-Survey & Elevation Certificate | H8: =F8*G8 -> 0
C9: Title Research (Coversheet, Deed & Tax Report) | H9: =F9*G9 -> 0
C10: Engineering & Design | H10: =F10*G10 -> 0
C11: Permitting | H11: =F11*G11 -> 0
C12: Asbestos & Lead Inspection | H12: =F12*G12 -> 0
C13: Termite Inspection & Treatment | H13: =F13*G13 -> 0
C14: Mobilization | H14: =F14*G14 -> 0
C15: Details: | D15: N/A or Provide Details | H15: =F15*G15 -> 0
C16: Details: | D16: N/A or Provide Details | H16: =F16*G16 -> 0
C17: Details: | D17: N/A or Provide Details | H17: =F17*G17 -> 0
G18: Pre-Elevation Total: | H18: =SUM(H7:H17) -> 0
B19: Elevation Construction | C19: Preparatory Site Work | H19: =F19*G19 -> 0
C20: Utility Disconnect & Reconnect | H20: =F20*G20 -> 0
C21: Elevation - Lift & Lower | H21: =F21*G21 -> 0
C22: Foundation Demolition | H22: =F22*G22 -> 0
C23: Foundation Construction | H23: =F23*G23 -> 0
C24: Access (e.g., Porches, Stairs, Ramps, etc.) | H24: =F24*G24 -> 0
C25: Inspections | H25: =F25*G25 -> 0
C26: Temporary Lodging | H26: =F26*G26 -> 0
C27: Details: | D27: N/A or Provide Details | H27: =F27*G27 -> 0
C28: Details: | D28: N/A or Provide Details | H28: =F28*G28 -> 0
C29: Details: | D29: N/A or Provide Details | H29: =F29*G29 -> 0
G30: Construction Total: | H30: =SUM(H19:H29) -> 0
B31: Post-Elevation | C31: Post-Survey & Elevation Certificate | H31: =F31*G31 -> 0
C32: Final Site Work (e.g., Grade, Seed, etc.) | H32: =F32*G32 -> 0
C33: Deed Record Fee | H33: =F33*G33 -> 0
C34: Demobilization | H34: =F34*G34 -> 0
C35: Details: | D35: N/A or Provide Details | H35: =F35*G35 -> 0
C36: Details: | D36: N/A or Provide Details | H36: =F36*G36 -> 0
C37: Details: | D37: N/A or Provide Details | H37: =F37*G37 -> 0
G38: Post-Elevation Total: | H38: =SUM(H31:H37) -> 0
B39: Other | C39: Profit & Overhead
C40: Construction Management Costs
G41: Other Total: | H41: =SUM(H39:H40) -> 0
G43: Property Total: | H43: =SUM(H18,H30,H38,H41) -> 0

Sheet 132 Willis Road (5)
B2: ELEVATION REQUEST FOR BID PROPERTY WORKSHEET
B3: STORM #: | C3: 4617-0005 | E3: STREET ADDRESS: | F3: 132 Willis Road
B4: PROJECT #: | C4: 5 | E4: CITY: | F4: Davis
B6: WORK PHASE | C6: ITEMIZED WORK | E6: UNIT OF MEASURE | F6: UNIT PRICE | G6: QUANTITY | H6: ITEMIZED COST
B7: Pre-Elevation | C7: Feasibility Analysis | H7: =F7*G7 -> 0
C8: Pre-Survey & Elevation Certificate | H8: =F8*G8 -> 0
C9: Title Research (Coversheet, Deed & Tax Report) | H9: =F9*G9 -> 0
C10: Engineering & Design | H10: =F10*G10 -> 0
C11: Permitting | H11: =F11*G11 -> 0
C12: Asbestos & Lead Inspection | H12: =F12*G12 -> 0
C13: Termite Inspection & Treatment | H13: =F13*G13 -> 0
C14: Mobilization | H14: =F14*G14 -> 0
C15: Details: | D15: N/A or Provide Details | H15: =F15*G15 -> 0
C16: Details: | D16: N/A or Provide Details | H16: =F16*G16 -> 0
C17: Details: | D17: N/A or Provide Details | H17: =F17*G17 -> 0
G18: Pre-Elevation Total: | H18: =SUM(H7:H17) -> 0
B19: Elevation Construction | C19: Preparatory Site Work | H19: =F19*G19 -> 0
C20: Utility Disconnect & Reconnect | H20: =F20*G20 -> 0
C21: Elevation - Lift & Lower | H21: =F21*G21 -> 0
C22: Foundation Demolition | H22: =F22*G22 -> 0
C23: Foundation Construction | H23: =F23*G23 -> 0
C24: Access (e.g., Porches, Stairs, Ramps, etc.) | H24: =F24*G24 -> 0
C25: Inspections | H25: =F25*G25 -> 0
C26: Temporary Lodging | H26: =F26*G26 -> 0
C27: Details: | D27: N/A or Provide Details | H27: =F27*G27 -> 0
C28: Details: | D28: N/A or Provide Details | H28: =F28*G28 -> 0
C29: Details: | D29: N/A or Provide Details | H29: =F29*G29 -> 0
G30: Construction Total: | H30: =SUM(H19:H29) -> 0
B31: Post-Elevation | C31: Post-Survey & Elevation Certificate | H31: =F31*G31 -> 0
C32: Final Site Work (e.g., Grade, Seed, etc.) | H32: =F32*G32 -> 0
C33: Deed Record Fee | H33: =F33*G33 -> 0
C34: Demobilization | H34: =F34*G34 -> 0
C35: Details: | D35: N/A or Provide Details | H35: =F35*G35 -> 0
C36: Details: | D36: N/A or Provide Details | H36: =F36*G36 -> 0
C37: Details: | D37: N/A or Provide Details | H37: =F37*G37 -> 0
G38: Post-Elevation Total: | H38: =SUM(H31:H37) -> 0
B39: Other | C39: Profit & Overhead
C40: Construction Management Costs
G41: Other Total: | H41: =SUM(H39:H40) -> 0
G43: Property Total: | H43: =SUM(H18,H30,H38,H41) -> 0

Sheet 315 Stewart Dr (6)
B2: ELEVATION REQUEST FOR BID PROPERTY WORKSHEET
B3: STORM #: | C3: 4617-0005 | E3: STREET ADDRESS: | F3: 315 Stewart Drive
B4: PROJECT #: | C4: 5 | E4: CITY: | F4: Beaufort
B6: WORK PHASE | C6: ITEMIZED WORK | E6: UNIT OF MEASURE | F6: UNIT PRICE | G6: QUANTITY | H6: ITEMIZED COST
B7: Pre-Elevation | C7: Feasibility Analysis | H7: =F7*G7 -> 0
C8: Pre-Survey & Elevation Certificate | H8: =F8*G8 -> 0
C9: Title Research (Coversheet, Deed & Tax Report) | H9: =F9*G9 -> 0
C10: Engineering & Design | H10: =F10*G10 -> 0
C11: Permitting | H11: =F11*G11 -> 0
C12: Asbestos & Lead Inspection | H12: =F12*G12 -> 0
C13: Termite Inspection & Treatment | H13: =F13*G13 -> 0
C14: Mobilization | H14: =F14*G14 -> 0
C15: Details: | D15: N/A or Provide Details | H15: =F15*G15 -> 0
C16: Details: | D16: N/A or Provide Details | H16: =F16*G16 -> 0
C17: Details: | D17: N/A or Provide Details | H17: =F17*G17 -> 0
G18: Pre-Elevation Total: | H18: =SUM(H7:H17) -> 0
B19: Elevation Construction | C19: Preparatory Site Work | H19: =F19*G19 -> 0
C20: Utility Disconnect & Reconnect | H20: =F20*G20 -> 0
C21: Elevation - Lift & Lower | H21: =F21*G21 -> 0
C22: Foundation Demolition | H22: =F22*G22 -> 0
C23: Foundation Construction | H23: =F23*G23 -> 0
C24: Access (e.g., Porches, Stairs, Ramps, etc.) | H24: =F24*G24 -> 0
C25: Inspections | H25: =F25*G25 -> 0
C26: Temporary Lodging | H26: =F26*G26 -> 0
C27: Details: | D27: N/A or Provide Details | H27: =F27*G27 -> 0
C28: Details: | D28: N/A or Provide Details | H28: =F28*G28 -> 0
C29: Details: | D29: N/A or Provide Details | H29: =F29*G29 -> 0
G30: Construction Total: | H30: =SUM(H19:H29) -> 0
B31: Post-Elevation | C31: Post-Survey & Elevation Certificate | H31: =F31*G31 -> 0
C32: Final Site Work (e.g., Grade, Seed, etc.) | H32: =F32*G32 -> 0
C33: Deed Record Fee | H33: =F33*G33 -> 0
C34: Demobilization | H34: =F34*G34 -> 0
C35: Details: | D35: N/A or Provide Details | H35: =F35*G35 -> 0
C36: Details: | D36: N/A or Provide Details | H36: =F36*G36 -> 0
C37: Details: | D37: N/A or Provide Details | H37: =F37*G37 -> 0
G38: Post-Elevation Total: | H38: =SUM(H31:H37) -> 0
B39: Other | C39: Profit & Overhead
C40: Construction Management Costs
G41: Other Total: | H41: =SUM(H39:H40) -> 0
G43: Property Total: | H43: =SUM(H18,H30,H38,H41) -> 0

Sheet 143 Horseshoe Rd (7)
B2: ELEVATION REQUEST FOR BID PROPERTY WORKSHEET
B3: STORM #: | C3: 4617-0005 | E3: STREET ADDRESS: | F3: 143 Horseshoe Road
B4: PROJECT #: | C4: 5 | E4: CITY: | F4: Davis
B6: WORK PHASE | C6: ITEMIZED WORK | E6: UNIT OF MEASURE | F6: UNIT PRICE | G6: QUANTITY | H6: ITEMIZED COST
B7: Pre-Elevation | C7: Feasibility Analysis | H7: =F7*G7 -> 0
C8: Pre-Survey & Elevation Certificate | H8: =F8*G8 -> 0
C9: Title Research (Coversheet, Deed & Tax Report) | H9: =F9*G9 -> 0
C10: Engineering & Design | H10: =F10*G10 -> 0
C11: Permitting | H11: =F11*G11 -> 0
C12: Asbestos & Lead Inspection | H12: =F12*G12 -> 0
C13: Termite Inspection & Treatment | H13: =F13*G13 -> 0
C14: Mobilization | H14: =F14*G14 -> 0
C15: Details: | D15: N/A or Provide Details | H15: =F15*G15 -> 0
C16: Details: | D16: N/A or Provide Details | H16: =F16*G16 -> 0
C17: Details: | D17: N/A or Provide Details | H17: =F17*G17 -> 0
G18: Pre-Elevation Total: | H18: =SUM(H7:H17) -> 0
B19: Elevation Construction | C19: Preparatory Site Work | H19: =F19*G19 -> 0
C20: Utility Disconnect & Reconnect | H20: =F20*G20 -> 0
C21: Elevation - Lift & Lower | H21: =F21*G21 -> 0
C22: Foundation Demolition | H22: =F22*G22 -> 0
C23: Foundation Construction | H23: =F23*G23 -> 0
C24: Access (e.g., Porches, Stairs, Ramps, etc.) | H24: =F24*G24 -> 0
C25: Inspections | H25: =F25*G25 -> 0
C26: Temporary Lodging | H26: =F26*G26 -> 0
C27: Details: | D27: N/A or Provide Details | H27: =F27*G27 -> 0
C28: Details: | D28: N/A or Provide Details | H28: =F28*G28 -> 0
C29: Details: | D29: N/A or Provide Details | H29: =F29*G29 -> 0
G30: Construction Total: | H30: =SUM(H19:H29) -> 0
B31: Post-Elevation | C31: Post-Survey & Elevation Certificate | H31: =F31*G31 -> 0
C32: Final Site Work (e.g., Grade, Seed, etc.) | H32: =F32*G32 -> 0
C33: Deed Record Fee | H33: =F33*G33 -> 0
C34: Demobilization | H34: =F34*G34 -> 0
C35: Details: | D35: N/A or Provide Details | H35: =F35*G35 -> 0
C36: Details: | D36: N/A or Provide Details | H36: =F36*G36 -> 0
C37: Details: | D37: N/A or Provide Details | H37: =F37*G37 -> 0
G38: Post-Elevation Total: | H38: =SUM(H31:H37) -> 0
B39: Other | C39: Profit & Overhead
C40: Construction Management Costs
G41: Other Total: | H41: =SUM(H39:H40) -> 0
G43: Property Total: | H43: =SUM(H18,H30,H38,H41) -> 0

Sheet 170 Murphy Road (8)
B2: ELEVATION REQUEST FOR BID PROPERTY WORKSHEET
B3: STORM #: | C3: 4617-0005 | E3: STREET ADDRESS: | F3: 170 Murphy Road
B4: PROJECT #: | C4: 5 | E4: CITY: | F4: Davis
B6: WORK PHASE | C6: ITEMIZED WORK | E6: UNIT OF MEASURE | F6: UNIT PRICE | G6: QUANTITY | H6: ITEMIZED COST
B7: Pre-Elevation | C7: Feasibility Analysis | H7: =F7*G7 -> 0
C8: Pre-Survey & Elevation Certificate | H8: =F8*G8 -> 0
C9: Title Research (Coversheet, Deed & Tax Report) | H9: =F9*G9 -> 0
C10: Engineering & Design | H10: =F10*G10 -> 0
C11: Permitting | H11: =F11*G11 -> 0
C12: Asbestos & Lead Inspection | H12: =F12*G12 -> 0
C13: Termite Inspection & Treatment | H13: =F13*G13 -> 0
C14: Mobilization | H14: =F14*G14 -> 0
C15: Details: | D15: N/A or Provide Details | H15: =F15*G15 -> 0
C16: Details: | D16: N/A or Provide Details | H16: =F16*G16 -> 0
C17: Details: | D17: N/A or Provide Details | H17: =F17*G17 -> 0
G18: Pre-Elevation Total: | H18: =SUM(H7:H17) -> 0
B19: Elevation Construction | C19: Preparatory Site Work | H19: =F19*G19 -> 0
C20: Utility Disconnect & Reconnect | H20: =F20*G20 -> 0
C21: Elevation - Lift & Lower | H21: =F21*G21 -> 0
C22: Foundation Demolition | H22: =F22*G22 -> 0
C23: Foundation Construction | H23: =F23*G23 -> 0
C24: Access (e.g., Porches, Stairs, Ramps, etc.) | H24: =F24*G24 -> 0
C25: Inspections | H25: =F25*G25 -> 0
C26: Temporary Lodging | H26: =F26*G26 -> 0
C27: Details: | D27: N/A or Provide Details | H27: =F27*G27 -> 0
C28: Details: | D28: N/A or Provide Details | H28: =F28*G28 -> 0
C29: Details: | D29: N/A or Provide Details | H29: =F29*G29 -> 0
G30: Construction Total: | H30: =SUM(H19:H29) -> 0
B31: Post-Elevation | C31: Post-Survey & Elevation Certificate | H31: =F31*G31 -> 0
C32: Final Site Work (e.g., Grade, Seed, etc.) | H32: =F32*G32 -> 0
C33: Deed Record Fee | H33: =F33*G33 -> 0
C34: Demobilization | H34: =F34*G34 -> 0
C35: Details: | D35: N/A or Provide Details | H35: =F35*G35 -> 0
C36: Details: | D36: N/A or Provide Details | H36: =F36*G36 -> 0
C37: Details: | D37: N/A or Provide Details | H37: =F37*G37 -> 0
G38: Post-Elevation Total: | H38: =SUM(H31:H37) -> 0
B39: Other | C39: Profit & Overhead
C40: Construction Management Costs
G41: Other Total: | H41: =SUM(H39:H40) -> 0
G43: Property Total: | H43: =SUM(H18,H30,H38,H41) -> 0

Sheet 718 US 70 (9)
B2: ELEVATION REQUEST FOR BID PROPERTY WORKSHEET
B3: STORM #: | C3: 4617-0005 | E3: STREET ADDRESS: | F3: 718 US 70
B4: PROJECT #: | C4: 5 | E4: CITY: | F4: Sealevel
B6: WORK PHASE | C6: ITEMIZED WORK | E6: UNIT OF MEASURE | F6: UNIT PRICE | G6: QUANTITY | H6: ITEMIZED COST
B7: Pre-Elevation | C7: Feasibility Analysis | H7: =F7*G7 -> 0
C8: Pre-Survey & Elevation Certificate | H8: =F8*G8 -> 0
C9: Title Research (Coversheet, Deed & Tax Report) | H9: =F9*G9 -> 0
C10: Engineering & Design | H10: =F10*G10 -> 0
C11: Permitting | H11: =F11*G11 -> 0
C12: Asbestos & Lead Inspection | H12: =F12*G12 -> 0
C13: Termite Inspection & Treatment | H13: =F13*G13 -> 0
C14: Mobilization | H14: =F14*G14 -> 0
C15: Details: | D15: N/A or Provide Details | H15: =F15*G15 -> 0
C16: Details: | D16: N/A or Provide Details | H16: =F16*G16 -> 0
C17: Details: | D17: N/A or Provide Details | H17: =F17*G17 -> 0
G18: Pre-Elevation Total: | H18: =SUM(H7:H17) -> 0
B19: Elevation Construction | C19: Preparatory Site Work | H19: =F19*G19 -> 0
C20: Utility Disconnect & Reconnect | H20: =F20*G20 -> 0
C21: Elevation - Lift & Lower | H21: =F21*G21 -> 0
C22: Foundation Demolition | H22: =F22*G22 -> 0
C23: Foundation Construction | H23: =F23*G23 -> 0
C24: Access (e.g., Porches, Stairs, Ramps, etc.) | H24: =F24*G24 -> 0
C25: Inspections | H25: =F25*G25 -> 0
C26: Temporary Lodging | H26: =F26*G26 -> 0
C27: Details: | D27: N/A or Provide Details | H27: =F27*G27 -> 0
C28: Details: | D28: N/A or Provide Details | H28: =F28*G28 -> 0
C29: Details: | D29: N/A or Provide Details | H29: =F29*G29 -> 0
G30: Construction Total: | H30: =SUM(H19:H29) -> 0
B31: Post-Elevation | C31: Post-Survey & Elevation Certificate | H31: =F31*G31 -> 0
C32: Final Site Work (e.g., Grade, Seed, etc.) | H32: =F32*G32 -> 0
C33: Deed Record Fee | H33: =F33*G33 -> 0
C34: Demobilization | H34: =F34*G34 -> 0
C35: Details: | D35: N/A or Provide Details | H35: =F35*G35 -> 0
C36: Details: | D36: N/A or Provide Details | H36: =F36*G36 -> 0
C37: Details: | D37: N/A or Provide Details | H37: =F37*G37 -> 0
G38: Post-Elevation Total: | H38: =SUM(H31:H37) -> 0
B39: Other | C39: Profit & Overhead
C40: Construction Management Costs
G41: Other Total: | H41: =SUM(H39:H40) -> 0
G43: Property Total: | H43: =SUM(H18,H30,H38,H41) -> 0

Sheet 882 US 70 (10)
B2: ELEVATION REQUEST FOR BID PROPERTY WORKSHEET
B3: STORM #: | C3: 4617-0005 | E3: STREET ADDRESS: | F3: 882 US 70
B4: PROJECT #: | C4: 5 | E4: CITY: | F4: Sealevel
B6: WORK PHASE | C6: ITEMIZED WORK | E6: UNIT OF MEASURE | F6: UNIT PRICE | G6: QUANTITY | H6: ITEMIZED COST
B7: Pre-Elevation | C7: Feasibility Analysis | H7: =F7*G7 -> 0
C8: Pre-Survey & Elevation Certificate | H8: =F8*G8 -> 0
C9: Title Research (Coversheet, Deed & Tax Report) | H9: =F9*G9 -> 0
C10: Engineering & Design | H10: =F10*G10 -> 0
C11: Permitting | H11: =F11*G11 -> 0
C12: Asbestos & Lead Inspection | H12: =F12*G12 -> 0
C13: Termite Inspection & Treatment | H13: =F13*G13 -> 0
C14: Mobilization | H14: =F14*G14 -> 0
C15: Details: | D15: N/A or Provide Details | H15: =F15*G15 -> 0
C16: Details: | D16: N/A or Provide Details | H16: =F16*G16 -> 0
C17: Details: | D17: N/A or Provide Details | H17: =F17*G17 -> 0
G18: Pre-Elevation Total: | H18: =SUM(H7:H17) -> 0
B19: Elevation Construction | C19: Preparatory Site Work | H19: =F19*G19 -> 0
C20: Utility Disconnect & Reconnect | H20: =F20*G20 -> 0
C21: Elevation - Lift & Lower | H21: =F21*G21 -> 0
C22: Foundation Demolition | H22: =F22*G22 -> 0
C23: Foundation Construction | H23: =F23*G23 -> 0
C24: Access (e.g., Porches, Stairs, Ramps, etc.) | H24: =F24*G24 -> 0
C25: Inspections | H25: =F25*G25 -> 0
C26: Temporary Lodging | H26: =F26*G26 -> 0
C27: Details: | D27: N/A or Provide Details | H27: =F27*G27 -> 0
C28: Details: | D28: N/A or Provide Details | H28: =F28*G28 -> 0
C29: Details: | D29: N/A or Provide Details | H29: =F29*G29 -> 0
G30: Construction Total: | H30: =SUM(H19:H29) -> 0
B31: Post-Elevation | C31: Post-Survey & Elevation Certificate | H31: =F31*G31 -> 0
C32: Final Site Work (e.g., Grade, Seed, etc.) | H32: =F32*G32 -> 0
C33: Deed Record Fee | H33: =F33*G33 -> 0
C34: Demobilization | H34: =F34*G34 -> 0
C35: Details: | D35: N/A or Provide Details | H35: =F35*G35 -> 0
C36: Details: | D36: N/A or Provide Details | H36: =F36*G36 -> 0
C37: Details: | D37: N/A or Provide Details | H37: =F37*G37 -> 0
G38: Post-Elevation Total: | H38: =SUM(H31:H37) -> 0
B39: Other | C39: Profit & Overhead
C40: Construction Management Costs
G41: Other Total: | H41: =SUM(H39:H40) -> 0
G43: Property Total: | H43: =SUM(H18,H30,H38,H41) -> 0

Sheet 159 Bayshore Street (11)
B2: ELEVATION REQUEST FOR BID PROPERTY WORKSHEET
B3: STORM #: | C3: 4617-0005 | E3: STREET ADDRESS: | F3: 159 Bayshore Street
B4: PROJECT #: | C4: 5 | E4: CITY: | F4: Sealevel
B6: WORK PHASE | C6: ITEMIZED WORK | E6: UNIT OF MEASURE | F6: UNIT PRICE | G6: QUANTITY | H6: ITEMIZED COST
B7: Pre-Elevation | C7: Feasibility Analysis | H7: =F7*G7 -> 0
C8: Pre-Survey & Elevation Certificate | H8: =F8*G8 -> 0
C9: Title Research (Coversheet, Deed & Tax Report) | H9: =F9*G9 -> 0
C10: Engineering & Design | H10: =F10*G10 -> 0
C11: Permitting | H11: =F11*G11 -> 0
C12: Asbestos & Lead Inspection | H12: =F12*G12 -> 0
C13: Termite Inspection & Treatment | H13: =F13*G13 -> 0
C14: Mobilization | H14: =F14*G14 -> 0
C15: Details: | D15: N/A or Provide Details | H15: =F15*G15 -> 0
C16: Details: | D16: N/A or Provide Details | H16: =F16*G16 -> 0
C17: Details: | D17: N/A or Provide Details | H17: =F17*G17 -> 0
G18: Pre-Elevation Total: | H18: =SUM(H7:H17) -> 0
B19: Elevation Construction | C19: Preparatory Site Work | H19: =F19*G19 -> 0
C20: Utility Disconnect & Reconnect | H20: =F20*G20 -> 0
C21: Elevation - Lift & Lower | H21: =F21*G21 -> 0
C22: Foundation Demolition | H22: =F22*G22 -> 0
C23: Foundation Construction | H23: =F23*G23 -> 0
C24: Access (e.g., Porches, Stairs, Ramps, etc.) | H24: =F24*G24 -> 0
C25: Inspections | H25: =F25*G25 -> 0
C26: Temporary Lodging | H26: =F26*G26 -> 0
C27: Details: | D27: N/A or Provide Details | H27: =F27*G27 -> 0
C28: Details: | D28: N/A or Provide Details | H28: =F28*G28 -> 0
C29: Details: | D29: N/A or Provide Details | H29: =F29*G29 -> 0
G30: Construction Total: | H30: =SUM(H19:H29) -> 0
B31: Post-Elevation | C31: Post-Survey & Elevation Certificate | H31: =F31*G31 -> 0
C32: Final Site Work (e.g., Grade, Seed, etc.) | H32: =F32*G32 -> 0
C33: Deed Record Fee | H33: =F33*G33 -> 0
C34: Demobilization | H34: =F34*G34 -> 0
C35: Details: | D35: N/A or Provide Details | H35: =F35*G35 -> 0
C36: Details: | D36: N/A or Provide Details | H36: =F36*G36 -> 0
C37: Details: | D37: N/A or Provide Details | H37: =F37*G37 -> 0
G38: Post-Elevation Total: | H38: =SUM(H31:H37) -> 0
B39: Other | C39: Profit & Overhead
C40: Construction Management Costs
G41: Other Total: | H41: =SUM(H39:H40) -> 0
G43: Property Total: | H43: =SUM(H18,H30,H38,H41) -> 0

Sheet 648 Shell Hill Road (12)
B2: ELEVATION REQUEST FOR BID PROPERTY WORKSHEET
B3: STORM #: | C3: 4617-0005 | E3: STREET ADDRESS: | F3: 648 Shell Hill Road
B4: PROJECT #: | C4: 5 | E4: CITY: | F4: Sealevel
B6: WORK PHASE | C6: ITEMIZED WORK | E6: UNIT OF MEASURE | F6: UNIT PRICE | G6: QUANTITY | H6: ITEMIZED COST
B7: Pre-Elevation | C7: Feasibility Analysis | H7: =F7*G7 -> 0
C8: Pre-Survey & Elevation Certificate | H8: =F8*G8 -> 0
C9: Title Research (Coversheet, Deed & Tax Report) | H9: =F9*G9 -> 0
C10: Engineering & Design | H10: =F10*G10 -> 0
C11: Permitting | H11: =F11*G11 -> 0
C12: Asbestos & Lead Inspection | H12: =F12*G12 -> 0
C13: Termite Inspection & Treatment | H13: =F13*G13 -> 0
C14: Mobilization | H14: =F14*G14 -> 0
C15: Details: | D15: N/A or Provide Details | H15: =F15*G15 -> 0
C16: Details: | D16: N/A or Provide Details | H16: =F16*G16 -> 0
C17: Details: | D17: N/A or Provide Details | H17: =F17*G17 -> 0
G18: Pre-Elevation Total: | H18: =SUM(H7:H17) -> 0
B19: Elevation Construction | C19: Preparatory Site Work | H19: =F19*G19 -> 0
C20: Utility Disconnect & Reconnect | H20: =F20*G20 -> 0
C21: Elevation - Lift & Lower | H21: =F21*G21 -> 0
C22: Foundation Demolition | H22: =F22*G22 -> 0
C23: Foundation Construction | H23: =F23*G23 -> 0
C24: Access (e.g., Porches, Stairs, Ramps, etc.) | H24: =F24*G24 -> 0
C25: Inspections | H25: =F25*G25 -> 0
C26: Temporary Lodging | H26: =F26*G26 -> 0
C27: Details: | D27: N/A or Provide Details | H27: =F27*G27 -> 0
C28: Details: | D28: N/A or Provide Details | H28: =F28*G28 -> 0
C29: Details: | D29: N/A or Provide Details | H29: =F29*G29 -> 0
G30: Construction Total: | H30: =SUM(H19:H29) -> 0
B31: Post-Elevation | C31: Post-Survey & Elevation Certificate | H31: =F31*G31 -> 0
C32: Final Site Work (e.g., Grade, Seed, etc.) | H32: =F32*G32 -> 0
C33: Deed Record Fee | H33: =F33*G33 -> 0
C34: Demobilization | H34: =F34*G34 -> 0
C35: Details: | D35: N/A or Provide Details | H35: =F35*G35 -> 0
C36: Details: | D36: N/A or Provide Details | H36: =F36*G36 -> 0
C37: Details: | D37: N/A or Provide Details | H37: =F37*G37 -> 0
G38: Post-Elevation Total: | H38: =SUM(H31:H37) -> 0
B39: Other | C39: Profit & Overhead
C40: Construction Management Costs
G41: Other Total: | H41: =SUM(H39:H40) -> 0
G43: Property Total: | H43: =SUM(H18,H30,H38,H41) -> 0

Sheet 1074 Salter Path Road (13)
B2: ELEVATION REQUEST FOR BID PROPERTY WORKSHEET
B3: STORM #: | C3: 4617-0005 | E3: STREET ADDRESS: | F3: 1074 Salter Path Road
B4: PROJECT #: | C4: 5 | E4: CITY: | F4: Salter Path
B6: WORK PHASE | C6: ITEMIZED WORK | E6: UNIT OF MEASURE | F6: UNIT PRICE | G6: QUANTITY | H6: ITEMIZED COST
B7: Pre-Elevation | C7: Feasibility Analysis | H7: =F7*G7 -> 0
C8: Pre-Survey & Elevation Certificate | H8: =F8*G8 -> 0
C9: Title Research (Coversheet, Deed & Tax Report) | H9: =F9*G9 -> 0
C10: Engineering & Design | H10: =F10*G10 -> 0
C11: Permitting | H11: =F11*G11 -> 0
C12: Asbestos & Lead Inspection | H12: =F12*G12 -> 0
C13: Termite Inspection & Treatment | H13: =F13*G13 -> 0
C14: Mobilization | H14: =F14*G14 -> 0
C15: Details: | D15: N/A or Provide Details | H15: =F15*G15 -> 0
C16: Details: | D16: N/A or Provide Details | H16: =F16*G16 -> 0
C17: Details: | D17: N/A or Provide Details | H17: =F17*G17 -> 0
G18: Pre-Elevation Total: | H18: =SUM(H7:H17) -> 0
B19: Elevation Construction | C19: Preparatory Site Work | H19: =F19*G19 -> 0
C20: Utility Disconnect & Reconnect | H20: =F20*G20 -> 0
C21: Elevation - Lift & Lower | H21: =F21*G21 -> 0
C22: Foundation Demolition | H22: =F22*G22 -> 0
C23: Foundation Construction | H23: =F23*G23 -> 0
C24: Access (e.g., Porches, Stairs, Ramps, etc.) | H24: =F24*G24 -> 0
C25: Inspections | H25: =F25*G25 -> 0
C26: Temporary Lodging | H26: =F26*G26 -> 0
C27: Details: | D27: N/A or Provide Details | H27: =F27*G27 -> 0
C28: Details: | D28: N/A or Provide Details | H28: =F28*G28 -> 0
C29: Details: | D29: N/A or Provide Details | H29: =F29*G29 -> 0
G30: Construction Total: | H30: =SUM(H19:H29) -> 0
B31: Post-Elevation | C31: Post-Survey & Elevation Certificate | H31: =F31*G31 -> 0
C32: Final Site Work (e.g., Grade, Seed, etc.) | H32: =F32*G32 -> 0
C33: Deed Record Fee | H33: =F33*G33 -> 0
C34: Demobilization | H34: =F34*G34 -> 0
C35: Details: | D35: N/A or Provide Details | H35: =F35*G35 -> 0
C36: Details: | D36: N/A or Provide Details | H36: =F36*G36 -> 0
C37: Details: | D37: N/A or Provide Details | H37: =F37*G37 -> 0
G38: Post-Elevation Total: | H38: =SUM(H31:H37) -> 0
B39: Other | C39: Profit & Overhead
C40: Construction Management Costs
G41: Other Total: | H41: =SUM(H39:H40) -> 0
G43: Property Total: | H43: =SUM(H18,H30,H38,H41) -> 0

Sheet 113 Pleasant Drive (14)
B2: ELEVATION REQUEST FOR BID PROPERTY WORKSHEET
B3: STORM #: | C3: 4617-0005 | E3: STREET ADDRESS: | F3: 113 Pleasant Drive
B4: PROJECT #: | C4: 5 | E4: CITY: | F4: Beaufort
B6: WORK PHASE | C6: ITEMIZED WORK | E6: UNIT OF MEASURE | F6: UNIT PRICE | G6: QUANTITY | H6: ITEMIZED COST
B7: Pre-Elevation | C7: Feasibility Analysis | H7: =F7*G7 -> 0
C8: Pre-Survey & Elevation Certificate | H8: =F8*G8 -> 0
C9: Title Research (Coversheet, Deed & Tax Report) | H9: =F9*G9 -> 0
C10: Engineering & Design | H10: =F10*G10 -> 0
C11: Permitting | H11: =F11*G11 -> 0
C12: Asbestos & Lead Inspection | H12: =F12*G12 -> 0
C13: Termite Inspection & Treatment | H13: =F13*G13 -> 0
C14: Mobilization | H14: =F14*G14 -> 0
C15: Details: | D15: N/A or Provide Details | H15: =F15*G15 -> 0
C16: Details: | D16: N/A or Provide Details | H16: =F16*G16 -> 0
C17: Details: | D17: N/A or Provide Details | H17: =F17*G17 -> 0
G18: Pre-Elevation Total: | H18: =SUM(H7:H17) -> 0
B19: Elevation Construction | C19: Preparatory Site Work | H19: =F19*G19 -> 0
C20: Utility Disconnect & Reconnect | H20: =F20*G20 -> 0
C21: Elevation - Lift & Lower | H21: =F21*G21 -> 0
C22: Foundation Demolition | H22: =F22*G22 -> 0
C23: Foundation Construction | H23: =F23*G23 -> 0
C24: Access (e.g., Porches, Stairs, Ramps, etc.) | H24: =F24*G24 -> 0
C25: Inspections | H25: =F25*G25 -> 0
C26: Temporary Lodging | H26: =F26*G26 -> 0
C27: Details: | D27: N/A or Provide Details | H27: =F27*G27 -> 0
C28: Details: | D28: N/A or Provide Details | H28: =F28*G28 -> 0
C29: Details: | D29: N/A or Provide Details | H29: =F29*G29 -> 0
G30: Construction Total: | H30: =SUM(H19:H29) -> 0
B31: Post-Elevation | C31: Post-Survey & Elevation Certificate | H31: =F31*G31 -> 0
C32: Final Site Work (e.g., Grade, Seed, etc.) | H32: =F32*G32 -> 0
C33: Deed Record Fee | H33: =F33*G33 -> 0
C34: Demobilization | H34: =F34*G34 -> 0
C35: Details: | D35: N/A or Provide Details | H35: =F35*G35 -> 0
C36: Details: | D36: N/A or Provide Details | H36: =F36*G36 -> 0
C37: Details: | D37: N/A or Provide Details | H37: =F37*G37 -> 0
G38: Post-Elevation Total: | H38: =SUM(H31:H37) -> 0
B39: Other | C39: Profit & Overhead
C40: Construction Management Costs
G41: Other Total: | H41: =SUM(H39:H40) -> 0
G43: Property Total: | H43: =SUM(H18,H30,H38,H41) -> 0

Sheet 203 Colonial Street (15)
B2: ELEVATION REQUEST FOR BID PROPERTY WORKSHEET
B3: STORM #: | C3: 4617-0005 | E3: STREET ADDRESS: | F3: 203 Colonial Street
B4: PROJECT #: | C4: 5 | E4: CITY: | F4: Beaufort
B6: WORK PHASE | C6: ITEMIZED WORK | E6: UNIT OF MEASURE | F6: UNIT PRICE | G6: QUANTITY | H6: ITEMIZED COST
B7: Pre-Elevation | C7: Feasibility Analysis | H7: =F7*G7 -> 0
C8: Pre-Survey & Elevation Certificate | H8: =F8*G8 -> 0
C9: Title Research (Coversheet, Deed & Tax Report) | H9: =F9*G9 -> 0
C10: Engineering & Design | H10: =F10*G10 -> 0
C11: Permitting | H11: =F11*G11 -> 0
C12: Asbestos & Lead Inspection | H12: =F12*G12 -> 0
C13: Termite Inspection & Treatment | H13: =F13*G13 -> 0
C14: Mobilization | H14: =F14*G14 -> 0
C15: Details: | D15: N/A or Provide Details | H15: =F15*G15 -> 0
C16: Details: | D16: N/A or Provide Details | H16: =F16*G16 -> 0
C17: Details: | D17: N/A or Provide Details | H17: =F17*G17 -> 0
G18: Pre-Elevation Total: | H18: =SUM(H7:H17) -> 0
B19: Elevation Construction | C19: Preparatory Site Work | H19: =F19*G19 -> 0
C20: Utility Disconnect & Reconnect | H20: =F20*G20 -> 0
C21: Elevation - Lift & Lower | H21: =F21*G21 -> 0
C22: Foundation Demolition | H22: =F22*G22 -> 0
C23: Foundation Construction | H23: =F23*G23 -> 0
C24: Access (e.g., Porches, Stairs, Ramps, etc.) | H24: =F24*G24 -> 0
C25: Inspections | H25: =F25*G25 -> 0
C26: Temporary Lodging | H26: =F26*G26 -> 0
C27: Details: | D27: N/A or Provide Details | H27: =F27*G27 -> 0
C28: Details: | D28: N/A or Provide Details | H28: =F28*G28 -> 0
C29: Details: | D29: N/A or Provide Details | H29: =F29*G29 -> 0
G30: Construction Total: | H30: =SUM(H19:H29) -> 0
B31: Post-Elevation | C31: Post-Survey & Elevation Certificate | H31: =F31*G31 -> 0
C32: Final Site Work (e.g., Grade, Seed, etc.) | H32: =F32*G32 -> 0
C33: Deed Record Fee | H33: =F33*G33 -> 0
C34: Demobilization | H34: =F34*G34 -> 0
C35: Details: | D35: N/A or Provide Details | H35: =F35*G35 -> 0
C36: Details: | D36: N/A or Provide Details | H36: =F36*G36 -> 0
C37: Details: | D37: N/A or Provide Details | H37: =F37*G37 -> 0
G38: Post-Elevation Total: | H38: =SUM(H31:H37) -> 0
B39: Other | C39: Profit & Overhead
C40: Construction Management Costs
G41: Other Total: | H41: =SUM(H39:H40) -> 0
G43: Property Total: | H43: =SUM(H18,H30,H38,H41) -> 0

Sheet 315 Merrimom Road(16)
B2: ELEVATION REQUEST FOR BID PROPERTY WORKSHEET
B3: STORM #: | C3: 4617-0005 | E3: STREET ADDRESS: | F3: 315 Merrimom Road
B4: PROJECT #: | C4: 5 | E4: CITY: | F4: Beaufort
B6: WORK PHASE | C6: ITEMIZED WORK | E6: UNIT OF MEASURE | F6: UNIT PRICE | G6: QUANTITY | H6: ITEMIZED COST
B7: Pre-Elevation | C7: Feasibility Analysis | H7: =F7*G7 -> 0
C8: Pre-Survey & Elevation Certificate | H8: =F8*G8 -> 0
C9: Title Research (Coversheet, Deed & Tax Report) | H9: =F9*G9 -> 0
C10: Engineering & Design | H10: =F10*G10 -> 0
C11: Permitting | H11: =F11*G11 -> 0
C12: Asbestos & Lead Inspection | H12: =F12*G12 -> 0
C13: Termite Inspection & Treatment | H13: =F13*G13 -> 0
C14: Mobilization | H14: =F14*G14 -> 0
C15: Details: | D15: N/A or Provide Details | H15: =F15*G15 -> 0
C16: Details: | D16: N/A or Provide Details | H16: =F16*G16 -> 0
C17: Details: | D17: N/A or Provide Details | H17: =F17*G17 -> 0
G18: Pre-Elevation Total: | H18: =SUM(H7:H17) -> 0
B19: Elevation Construction | C19: Preparatory Site Work | H19: =F19*G19 -> 0
C20: Utility Disconnect & Reconnect | H20: =F20*G20 -> 0
C21: Elevation - Lift & Lower | H21: =F21*G21 -> 0
C22: Foundation Demolition | H22: =F22*G22 -> 0
C23: Foundation Construction | H23: =F23*G23 -> 0
C24: Access (e.g., Porches, Stairs, Ramps, etc.) | H24: =F24*G24 -> 0
C25: Inspections | H25: =F25*G25 -> 0
C26: Temporary Lodging | H26: =F26*G26 -> 0
C27: Details: | D27: N/A or Provide Details | H27: =F27*G27 -> 0
C28: Details: | D28: N/A or Provide Details | H28: =F28*G28 -> 0
C29: Details: | D29: N/A or Provide Details | H29: =F29*G29 -> 0
G30: Construction Total: | H30: =SUM(H19:H29) -> 0
B31: Post-Elevation | C31: Post-Survey & Elevation Certificate | H31: =F31*G31 -> 0
C32: Final Site Work (e.g., Grade, Seed, etc.) | H32: =F32*G32 -> 0
C33: Deed Record Fee | H33: =F33*G33 -> 0
C34: Demobilization | H34: =F34*G34 -> 0
C35: Details: | D35: N/A or Provide Details | H35: =F35*G35 -> 0
C36: Details: | D36: N/A or Provide Details | H36: =F36*G36 -> 0
C37: Details: | D37: N/A or Provide Details | H37: =F37*G37 -> 0
G38: Post-Elevation Total: | H38: =SUM(H31:H37) -> 0
B39: Other | C39: Profit & Overhead
C40: Construction Management Costs
G41: Other Total: | H41: =SUM(H39:H40) -> 0
G43: Property Total: | H43: =SUM(H18,H30,H38,H41) -> 0

Sheet OPTION-151 Blue Heron Lane (17)
B2: ELEVATION REQUEST FOR BID PROPERTY WORKSHEET
B3: STORM #: | C3: 4617-0005 | E3: STREET ADDRESS: | F3: 151 Blue Heron Lane - OPTIONED
B4: PROJECT #: | C4: 5 | E4: CITY: | F4: Gloucester
B6: WORK PHASE | C6: ITEMIZED WORK | E6: UNIT OF MEASURE | F6: UNIT PRICE | G6: QUANTITY | H6: ITEMIZED COST
B7: Pre-Elevation | C7: Feasibility Analysis | H7: =F7*G7 -> 0
C8: Pre-Survey & Elevation Certificate | H8: =F8*G8 -> 0
C9: Title Research (Coversheet, Deed & Tax Report) | H9: =F9*G9 -> 0
C10: Engineering & Design | H10: =F10*G10 -> 0
C11: Permitting | H11: =F11*G11 -> 0
C12: Asbestos & Lead Inspection | H12: =F12*G12 -> 0
C13: Termite Inspection & Treatment | H13: =F13*G13 -> 0
C14: Mobilization | H14: =F14*G14 -> 0
C15: Details: | D15: N/A or Provide Details | H15: =F15*G15 -> 0
C16: Details: | D16: N/A or Provide Details | H16: =F16*G16 -> 0
C17: Details: | D17: N/A or Provide Details | H17: =F17*G17 -> 0
G18: Pre-Elevation Total: | H18: =SUM(H7:H17) -> 0
B19: Elevation Construction | C19: Preparatory Site Work | H19: =F19*G19 -> 0
C20: Utility Disconnect & Reconnect | H20: =F20*G20 -> 0
C21: Elevation - Lift & Lower | H21: =F21*G21 -> 0
C22: Foundation Demolition | H22: =F22*G22 -> 0
C23: Foundation Construction | H23: =F23*G23 -> 0
C24: Access (e.g., Porches, Stairs, Ramps, etc.) | H24: =F24*G24 -> 0
C25: Inspections | H25: =F25*G25 -> 0
C26: Temporary Lodging | H26: =F26*G26 -> 0
C27: Details: | D27: N/A or Provide Details | H27: =F27*G27 -> 0
C28: Details: | D28: N/A or Provide Details | H28: =F28*G28 -> 0
C29: Details: | D29: N/A or Provide Details | H29: =F29*G29 -> 0
G30: Construction Total: | H30: =SUM(H19:H29) -> 0
B31: Post-Elevation | C31: Post-Survey & Elevation Certificate | H31: =F31*G31 -> 0
C32: Final Site Work (e.g., Grade, Seed, etc.) | H32: =F32*G32 -> 0
C33: Deed Record Fee | H33: =F33*G33 -> 0
C34: Demobilization | H34: =F34*G34 -> 0
C35: Details: | D35: N/A or Provide Details | H35: =F35*G35 -> 0
C36: Details: | D36: N/A or Provide Details | H36: =F36*G36 -> 0
C37: Details: | D37: N/A or Provide Details | H37: =F37*G37 -> 0
G38: Post-Elevation Total: | H38: =SUM(H31:H37) -> 0
B39: Other | C39: Profit & Overhead
C40: Construction Management Costs
G41: Other Total: | H41: =SUM(H39:H40) -> 0
G43: Property Total: | H43: =SUM(H18,H30,H38,H41) -> 0

Sheet REF-SHEET2-DONOTMOVE
B2: *THIS SHEET HAS INTENTIONALLY BEEN LEFT BLANK. DO NOT DELETE.

Sheet REF-LASTSHEET-DONOTMOVE
B2: *THIS SHEET HAS INTENTIONALLY BEEN LEFT BLANK. DO NOT DELETE.
